 Dungeon Crawl Stone Soup version 0.14-a0-2091-gca92d1a (webtiles) character file.

123831 MackTheKnife the Stickfighter (level 16, -1/157 HPs)
             Began as a Minotaur Fighter on Jan 25, 2014.
             Was an Elder of Trog.
             Killed from afar by a hellion (30 damage)
             ... with a burst of hellfire
             ... on Level 2 of the Abyss.
             The game lasted 01:28:44 (27704 turns).

MackTheKnife the Stickfighter (Minotaur Fighter)   Turns: 27704, Time: 01:28:44

HP  -1/157       AC 24     Str 22      XL: 16   Next: 32%
MP   6/6         EV 24     Int  9      God: Trog [****..]
Gold 2330        SH  0     Dex 18      Spells:  0 memorised, 15 levels left

rFire  + + .     SeeInvis .     a - +2,+3 lajatang (slice)
rCold  + . .     Clarity  .     t - +8 scale mail "Jiymeoke" {+Fly rN+ Int+3}
rNeg   + . .     Conserve .     (no shield)
rPois  .         rCorr    .     (helmet restricted)
rElec  .         rRot     .     E - +0 elf cloak
SustAb . .       Spirit   .     b - +2 pair of gloves of Joomm {rF++}
rMut   .         Warding  .     i - +0 pair of dwarf boots
Saprov . . .     Stasis   .     (no amulet)
MR     +....                    M - +3 ring of evasion
                                P - ring of the Octopus King {rC+ AC+1 EV+1 Str+1 Dex+1 Int+1}

@: about to teleport, somewhat resistant to hostile enchantments, extremely
unstealthy
A: retaliatory headbutt, claws 1, horns 2, fast metabolism 1
a: Burn Spellbooks, Berserk, Trog's Hand, Brothers in Arms, Renounce Religion,
Evoke Flight


You were on level 2 of the Abyss.
You worshipped Trog.
Trog was greatly pleased with you.
You were not hungry.

You visited 4 branches of the dungeon, and saw 29 of its levels.
You visited the Abyss 1 time.

You collected 2922 gold pieces.
You spent 592 gold pieces at shops.


Innate Abilities, Weirdness & Mutations

You reflexively headbutt those who attack you in melee.
You have a pair of horns on your head.
You have sharp fingernails.
You have a fast metabolism.


   Skills:
 + Level 17.9 Fighting
 - Level 10.0 Maces & Flails
 - Level 19.0 Staves
 - Level 9.7 Armour
 - Level 16.2 Dodging
   Level 7.8 Shields


You had 15 spell levels left.
You didn't know any spells.

Inventory:

Hand weapons
 a - a +2,+3 lajatang of slicing (weapon)
 Q - a +2,+2 great mace of draining
Armour
 b - the +2 pair of gloves of Joomm (worn) {rF++}
   (You found it on level 8 of the Lair of Beasts)

   It greatly protects you from fire.
 i - a +0 pair of dwarven boots (worn)
 t - the +8 scale mail "Jiymeoke" (worn) {+Fly rN+ Int+3}
   (You took it off a hobgoblin on level 8 of the Dungeon)

   It affects your intelligence (+3).
   It protects you from negative energy.
   It lets you fly.
 E - a +0 elven cloak (worn)
Magical devices
 c - a wand of cold (5)
 h - a wand of heal wounds (6)
 u - a wand of disintegration (0)
 C - a wand of draining (1)
 O - a wand of cold (4)
 R - a wand of digging (11)
 W - a wand of teleportation (0)
 X - a wand of teleportation (1)
Comestibles
 j - 8 slices of pizza
 n - 2 beef jerkies
 w - 2 bread rations
 H - 5 meat rations
 I - 2 chokos
 L - 34 strawberries
 N - 6 sultanas
 U - a lemon
 V - a royal jelly
 Y - a rambutan
Scrolls
 z - 5 scrolls of magic mapping
 D - 3 scrolls of fear
 G - 7 scrolls of remove curse
 Z - a scroll of silence
Jewellery
 p - an uncursed ring of flight
 q - an uncursed ring of poison resistance
 s - an uncursed ring of see invisible
 M - a +3 ring of evasion (right hand)
 P - a ring of the Octopus King (left hand) {rC+ AC+1 EV+1 Str+1 Dex+1 Int+1}
   (You found it on level 5 of the Lair of Beasts)

   [ring of protection from cold]

   It affects your AC (+1).
   It affects your evasion (+1).
   It affects your strength (+1).
   It affects your intelligence (+1).
   It affects your dexterity (+1).
Potions
 e - 3 potions of speed
 f - 8 potions of curing
 g - 3 potions of might
 k - a potion of heal wounds
 l - 3 potions of resistance
 m - a potion of agility
 o - 3 potions of restore abilities
 A - a potion of magic
 B - a potion of invisibility
 S - 2 potions of lignification
 T - 4 potions of brilliance

▒· ▒ · ·▒▒· ▒·
···▒·· ····▒ ▒
▒▒▒ ▒▒··▒ ··
····▒·▒▒▒▒▒ ·▒
▒······▒▒·▒·▒▒·▒
▒··▒···▒·····▒
▒···H·▒ ▒▒··▒▒▒
▒@▒▒v· ···· ··▒
▒▒2▒· ·▒▒ #@··▒
·v ###▒ ▒▒ #


You could see a vault warden, a vault guard and a hellion.


Message History

Zapping:
h - a wand of heal wounds (7)
You feel much better.
This wand has 6 charges left.
Use which ability? (? or * to list)
Your black bear goes berserk!
You feel somewhat more hungry.
You slash the spatial vortex!
The spatial vortex is moderately damaged.
The hellion gestures at you.
The hellfire explodes!
The burst of hellfire engulfs you!
* * * LOW HITPOINT WARNING * * *
The spatial vortex hits your black bear!
Your black bear disappears!
The hellion gestures at you.
The hellfire explodes!
The burst of hellfire engulfs you!
Your scroll of blinking catches fire!
Two of your 9 scrolls of remove curse catch fire!
* * * LOW HITPOINT WARNING * * *
Evoke which item? (* to show all) (? for menu, Esc to quit)
That item cannot be evoked!
Unknown command.
Evoke which item? (* to show all) (? for menu, Esc to quit)
Zapping:
W - a wand of teleportation {zapped: 2} You feel strangely unstable.
You feel the power of the Abyss delaying your translocation.
The hellion gestures at you.
The hellfire explodes!
The burst of hellfire engulfs you!
* * * LOW HITPOINT WARNING * * *
The hellion gestures at you.
The hellfire explodes!
The burst of hellfire engulfs you!
You die...

Action                   |  1- 3 |  4- 6 |  7- 9 | 10-12 | 13-15 | 16-18 || total
-------------------------+-------+-------+-------+-------+-------+-------++-------
Melee: Mace              |   108 |   111 |   157 |       |       |       ||   376
       Flail             |       |       |   281 |   485 |       |       ||   766
       Lajatang          |       |       |       |   565 |  1843 |   167 ||  2575
       Great mace        |       |       |       |     7 |    17 |       ||    24
Invok: Burn Spellbooks   |       |       |     1 |     1 |     1 |       ||     3
       Berserk           |       |       |       |    11 |    13 |     2 ||    26
       Trog's Hand       |       |       |       |     3 |    17 |     8 ||    28
       Brothers in Arms  |       |       |       |     2 |     9 |     5 ||    16
Evoke: Wand              |       |     1 |    24 |    34 |    20 |     7 ||    86
  Use: Scroll            |     6 |     4 |    14 |    11 |    23 |     9 ||    67
       Potion            |       |       |     4 |     2 |     4 |     5 ||    15
 Stab: Invisible         |       |       |     6 |       |       |       ||     6

Vault maps used:
D:1:      dpeg_arrival_simpleton_a
D:3:      gammafunk_temple_overflow_pools
D:4:      black_bear_nest_2, grunt_temple_overflow_growth_and_decay,
          minmay_temple_entry_grid, first_bread
D:5:      basic_altar
D:6:      nicolae_overflow_hidden_temple, tgw_trog, abandoned_shop
D:7:      general_overflow_altar, uniq_edmund
D:8:      dpeg_lair_monsters, serial_shops, shop, uniq_prince_ribbit1
D:9:      basic_altar, dk_noncrumbling_3
D:10:     minmay_quarter_circles, orc_0_dummy, uniq_urug
D:11:     uniq_sonja
D:12:     uniq_psyche
D:13:     grunt_pizzeria
D:14:     david_vaults_2, lightli_church_of_beogh
D:15:     nicolae_whirlpool, uniq_azrael
D:16:     evilmike_library_of_no_secrets,
          hangedman_depths_entry_civil_slaughter, einodemon_hairy_minivault,
          uniq_nergalle
Temple:   minmay_temple_bridge_d_8
Orc:1:    basic_altar
Orc:2:    basic_altar
Orc:3:    serial_shops, nicolae_orc_pool_cavern
Orc:4:    grunt_orc_tribal_feast, nicolae_orc_tapped_out
Lair:1:   small_statue_intersection
Lair:2:   special_room
Lair:3:   worms_lemuel, uniq_fannar, uniq_erica
Lair:4:   st_stairs_12
Lair:5:   minmay_swamp_entry_worms, nicolae_spider_entry_orb_guardian
Lair:6:   st_stairs_8, minivault_11, zaba_anthole, lemuel_strawberry_fields
Lair:7:   slime_altar_2, lemuel_strawberry_fields, lemuel_strawberry_fields
Lair:8:   evilmike_catoblepas_cave, lemuel_strawberry_fields,
          infiniplex_staircase_pool
Abyss:1:  hangedman_abyss_or_decor_stabs
Abyss:2:  evilmike_abyss_exit_disperse

Notes
Turn   | Place    | Note
--------------------------------------------------------------
     0 | D:1      | MackTheKnife, the Minotaur Fighter, began the quest for the Orb.
     0 | D:1      | Reached XP level 1. HP: 19/19 MP: 1/1
   113 | D:1      | Reached skill level 3 in Maces & Flails
   190 | D:1      | Reached XP level 2. HP: 24/26 MP: 1/1
   704 | D:1      | Reached skill level 4 in Maces & Flails
   787 | D:2      | Reached XP level 3. HP: 31/31 MP: 2/2
  1331 | D:3      | Reached skill level 5 in Maces & Flails
  1544 | D:3      | Reached XP level 4. HP: 35/39 MP: 2/2
  1814 | D:3      | Noticed a centaur
  1818 | D:3      | Killed a centaur
  1818 | D:3      | Reached skill level 6 in Maces & Flails
  1818 | D:3      | Reached XP level 5. HP: 41/45 MP: 2/2
  1863 | D:3      | Found a white marble altar of Elyvilon.
  1863 | D:3      | Found a sparkling altar of Nemelex Xobeh.
  2004 | D:4      | Found a staircase to the Ecumenical Temple.
  2033 | Temple   | Entered the Ecumenical Temple
  2143 | D:4      | Noticed a phantom
  2161 | D:4      | Killed a phantom
  2161 | D:4      | Reached skill level 7 in Maces & Flails
  2161 | D:4      | Reached XP level 6. HP: 12/51 MP: 3/3
  2609 | D:4      | Reached skill level 8 in Maces & Flails
  2873 | D:4      | Found an ancient bone altar of Kikubaaqudgha.
  2875 | D:4      | Found a blossoming altar of Fedhas.
  3061 | D:4      | Noticed a black bear
  3066 | D:4      | Killed a black bear
  3066 | D:4      | Reached skill level 9 in Maces & Flails
  3176 | D:5      | Entered Level 5 of the Dungeon
  3198 | D:5      | Reached skill level 4 in Fighting
  3198 | D:5      | Reached skill level 4 in Armour
  3198 | D:5      | Reached XP level 7. HP: 44/59 MP: 3/3
  3510 | D:5      | Reached skill level 5 in Fighting
  3510 | D:5      | Reached skill level 5 in Armour
  3823 | D:5      | Found an ancient bone altar of Kikubaaqudgha.
  3945 | D:5      | Noticed Kae's ghost (average TeFE)
  3970 | D:6      | Reached skill level 6 in Armour
  4046 | D:6      | Reached skill level 6 in Fighting
  4153 | D:6      | Reached XP level 8. HP: 34/71 MP: 3/3
  4467 | D:6      | Reached skill level 7 in Fighting
  4467 | D:6      | Reached skill level 7 in Armour
  4718 | D:6      | Noticed a moth of wrath
  4900 | D:5      | Killed Kae's ghost
  5221 | D:7      | Reached skill level 8 in Fighting
  5221 | D:7      | Reached skill level 8 in Armour
  5503 | D:7      | Reached XP level 9. HP: 72/82 MP: 4/4
  5535 | D:7      | Noticed Edmund
  5548 | D:7      | Killed Edmund
  5548 | D:7      | Reached skill level 9 in Fighting
  5548 | D:7      | Reached skill level 9 in Armour
  5773 | D:7      | Found an iron altar of Okawaru.
  6158 | D:7      | Gained mutation: You are robust (+10% HP). [potion of beneficial mutation]
  6238 | D:6      | Found a bloodstained altar of Trog.
  6256 | D:6      | Became a worshipper of Trog the Wrathful
  6650 | D:8      | Reached skill level 10 in Fighting
  6727 | D:8      | Reached skill level 11 in Fighting
  6795 | D:8      | Acquired Trog's first power
  6974 | D:8      | Found a staircase to the Lair.
  7056 | D:8      | Noticed Prince Ribbit
  7085 | D:8      | Found Hiquwol's Jewellery Emporium.
  7164 | D:8      | Reached XP level 10. HP: 104/106 MP: 4/4
  7410 | D:8      | Got a sapphire-encrusted scale mail
  7411 | D:8      | Identified the +8 scale mail "Jiymeoke" {+Fly rN+ Int+3} (You took it off a hobgoblin on level 8 of the Dungeon)
  7494 | D:8      | Reached skill level 10 in Maces & Flails
  7682 | D:9      | Reached skill level 1 in Dodging
  7736 | D:9      | Found a radiant altar of Vehumet.
  7794 | D:9      | Acquired Trog's second power
  7794 | D:9      | Reached skill level 4 in Shields
  7933 | D:9      | Reached skill level 2 in Dodging
  8159 | D:9      | Reached skill level 3 in Dodging
  8159 | D:9      | Reached skill level 5 in Shields
  8656 | D:10     | Entered Level 10 of the Dungeon
  8755 | D:10     | Found a staircase to the Orcish Mines.
  8761 | D:10     | Noticed Urug
  8784 | D:10     | Killed Urug
  8784 | D:10     | Reached skill level 4 in Dodging
  8784 | D:10     | Reached skill level 6 in Shields
  8969 | D:10     | Reached skill level 5 in Dodging
  9092 | D:10     | Reached skill level 7 in Shields
  9166 | D:10     | Reached skill level 6 in Dodging
  9551 | D:10     | Reached skill level 2 in Staves
  9608 | D:10     | Reached skill level 4 in Staves
  9608 | D:10     | Reached XP level 11. HP: 105/114 MP: 4/4
  9647 | D:10     | Reached skill level 5 in Staves
  9671 | D:10     | Noticed a hill giant
  9679 | D:10     | Killed a hill giant
  9679 | D:10     | Reached skill level 7 in Staves
  9748 | D:10     | Reached skill level 8 in Staves
  9800 | D:10     | Killed an unseen horror
  9800 | D:10     | Reached skill level 9 in Staves
 10058 | Lair:1   | Entered Level 1 of the Lair of Beasts
 10087 | Lair:1   | Reached skill level 10 in Staves
 10169 | Lair:1   | Acquired Trog's third power
 10610 | Lair:1   | Noticed a six-headed hydra
 10619 | Lair:1   | Killed a six-headed hydra
 10619 | Lair:1   | Reached skill level 11 in Staves
 10893 | Lair:1   | Noticed a six-headed hydra
 10943 | Lair:1   | Killed a six-headed hydra
 10943 | Lair:1   | Reached skill level 12 in Staves
 11159 | Lair:2   | Gained mutation: You have sharp fingernails. [potion of beneficial mutation]
 11288 | Lair:2   | Reached skill level 13 in Staves
 11690 | Lair:2   | Reached XP level 12. HP: 87/123 MP: 5/5
 11705 | Lair:2   | Received a gift from Trog
 12052 | Lair:2   | Reached skill level 7 in Dodging
 12233 | Lair:2   | Reached skill level 14 in Staves
 12674 | Lair:3   | Reached skill level 8 in Dodging
 12999 | Lair:3   | Noticed Fannar
 13014 | Lair:3   | Killed Fannar
 13284 | Lair:3   | Noticed Erica
 13297 | Lair:3   | Killed Erica
 13323 | Lair:4   | Reached skill level 9 in Dodging
 13525 | Lair:4   | Reached skill level 15 in Staves
 13779 | Lair:4   | Received a gift from Trog
 13830 | Lair:4   | Noticed a seven-headed hydra
 13844 | Lair:4   | Killed a seven-headed hydra
 13844 | Lair:4   | Reached skill level 10 in Dodging
 14458 | Lair:4   | Reached skill level 11 in Dodging
 14705 | Lair:5   | Found a hole to the Spider Nest.
 14768 | Lair:5   | Found a staircase to the Swamp.
 14781 | Lair:5   | Reached XP level 13. HP: 128/128 MP: 5/5
 14832 | Lair:5   | Got a ring of the Octopus King
 15274 | Lair:6   | Received a gift from Trog
 15302 | Lair:6   | Reached skill level 12 in Dodging
 15922 | Lair:7   | Reached skill level 13 in Dodging
 16676 | Lair:7   | Received a gift from Trog
 16960 | Lair:8   | Entered Level 8 of the Lair of Beasts
 17017 | Lair:8   | Reached skill level 14 in Dodging
 17281 | Lair:8   | Identified a ring of the Octopus King {rC+ AC+1 EV+1 Str+1 Dex+1 Int+1} (You found it on level 5 of the Lair of Beasts)
 17558 | Lair:8   | Reached skill level 15 in Dodging
 17563 | Lair:8   | Received a gift from Trog
 17680 | Lair:8   | Got a pitted battleaxe {god gift}
 17681 | Lair:8   | Identified the +3,+0 battleaxe of Irrepressible Laughter {chop, rC++} (Trog gifted it to you on level 8 of the Lair of Beasts)
 17723 | Lair:8   | Reached XP level 14. HP: 137/137 MP: 5/5
 17799 | Lair:8   | Reached skill level 16 in Dodging
 17904 | Lair:8   | Got a pair of twisted gloves
 17907 | Lair:8   | Identified the +2 pair of gloves of Joomm {rF++} (You found it on level 8 of the Lair of Beasts)
 18448 | Orc:1    | Entered Level 1 of the Orcish Mines
 18474 | Orc:1    | Reached skill level 12 in Fighting
 18763 | Orc:2    | Received a gift from Trog
 19003 | Orc:2    | Found a roughly hewn altar of Beogh.
 19365 | Orc:1    | Found a shimmering altar of Xom.
 20134 | Orc:4    | Entered Level 4 of the Orcish Mines
 20230 | Orc:4    | Found a staircase to the Elven Halls.
 20233 | Orc:4    | Received a gift from Trog
 20235 | Orc:4    | Noticed MirrMurr's ghost (powerful SpEn)
 20266 | Orc:4    | Killed MirrMurr's ghost
 20266 | Orc:4    | Reached skill level 13 in Fighting
 20888 | Orc:4    | Reached skill level 14 in Fighting
 20889 | Orc:4    | Received a gift from Trog
 20917 | Orc:4    | Found Ruedeax's Assorted Antiques.
 20918 | Orc:4    | Found Mnousy's Weapon Shop.
 20919 | Orc:4    | Found Zomucor's Distillery.
 20920 | Orc:4    | Found Kloacral's Food Shop.
 20926 | Orc:4    | Bought a scroll of identify for 66 gold pieces
 20926 | Orc:4    | Bought a potion of heal wounds for 99 gold pieces
 20926 | Orc:4    | Bought a potion of heal wounds for 99 gold pieces
 20935 | Orc:4    | Bought a potion of might for 37 gold pieces
 20935 | Orc:4    | Bought a potion of resistance for 105 gold pieces
 20935 | Orc:4    | Bought a potion of might for 37 gold pieces
 20935 | Orc:4    | Bought a potion of agility for 37 gold pieces
 20935 | Orc:4    | Bought a potion of curing for 30 gold pieces
 20948 | Orc:4    | Bought a potion of might for 82 gold pieces
 21425 | D:11     | Noticed Sonja
 21430 | D:11     | Killed Sonja
 22114 | D:12     | Noticed Psyche
 22120 | D:12     | Killed Psyche
 22602 | D:13     | Identified a scroll of acquirement
 22605 | D:13     | Got a slimy cloak
 22609 | D:13     | Identified the +1 cloak of Egalitarianism {Dex-2 Int-3} (You acquired it on level 13 of the Dungeon)
 22940 | D:13     | Received a gift from Trog
 23319 | D:13     | Reached skill level 15 in Fighting
 23514 | D:13     | Reached skill level 16 in Staves
 23569 | D:13     | Paralysed by a giant eyeball for 2 turns
 23857 | D:14     | Reached XP level 15. HP: 153/155 MP: 6/6
 23890 | D:14     | Found a gate to the Vaults.
 24294 | D:14     | Received a gift from Trog
 24433 | D:14     | Reached skill level 17 in Staves
 24557 | D:14     | Found a roughly hewn altar of Beogh.
 24594 | D:15     | Entered Level 15 of the Dungeon
 24904 | D:15     | Noticed Azrael
 24970 | D:15     | Killed Azrael
 25418 | D:16     | Entered Level 16 of the Dungeon
 25426 | D:15     | Reached skill level 18 in Staves
 25768 | D:16     | Received a gift from Trog
 26403 | D:16     | Reached skill level 19 in Staves
 26422 | D:16     | Cast into the Abyss (ogre mage)
 26513 | Abyss:1  | Paralysed by accursed screaming for 1 turns
 26557 | Abyss:1  | Found a deep blue altar of Sif Muna.
 26707 | Abyss:1  | Noticed a quicksilver dragon
 26717 | Abyss:1  | Killed a quicksilver dragon
 26738 | Abyss:1  | Gained mutation: You have a fast metabolism. [a neqoxec]
 26915 | Abyss:1  | Reached skill level 16 in Fighting
 26924 | Abyss:1  | Noticed an Executioner
 26929 | Abyss:1  | Killed an Executioner
 26933 | Abyss:1  | Reached XP level 16. HP: 167/167 MP: 6/6
 26943 | Abyss:1  | Noticed a sphinx
 26951 | Abyss:1  | Paralysed by a sphinx for 3 turns
 27104 | Abyss:2  | Found a corrupted altar of Lugonu.
 27233 | Abyss:2  | Reached skill level 17 in Fighting
 27339 | Abyss:2  | Noticed a tentacled monstrosity
 27414 | Abyss:2  | Noticed a lich
 27416 | Abyss:2  | Noticed a Brimstone Fiend
 27424 | Abyss:2  | Found a burning altar of Makhleb.
 27456 | Abyss:2  | Lost mutation: You are robust (+10% HP). [a neqoxec]
 27538 | Abyss:2  | Got a brightly glowing plate armour
 27539 | Abyss:2  | Identified the +3 plate armour "Bocakirr" {Str+4 Dex+4} (You found it on level 2 of the Abyss)
 27679 | Abyss:2  | Noticed a profane servitor
 27704 | Abyss:2  | Killed from afar by a hellion

Vanquished Creatures
  A quicksilver dragon (Abyss:1)
  An Executioner (Abyss:1)
  2 tentacled starspawn (Abyss:1)
  An ophan (Abyss:2)
  Azrael (D:15)
  The ghost of MirrMurr the Unseen, a powerful SpEn of Dithmengos (Orc:4)
  6 hydras
  Fannar (Lair:3)
  2 yaktaur captains
  Erica (Lair:3)
  A deep troll earth mage (Abyss:1)
  A rakshasa (D:16)
  3 ogre magi
  A thrashing horror (Abyss:2)
  14 death yaks
  4 orc high priests
  2 wretched stars (Abyss:2)
  2 centaur warriors
  Urug (D:10)
  3 catoblepae (Lair:8)
  An iron troll (Abyss:1)
  4 skeletal warriors (D:13)
  2 wizards (D:16)
  An ice devil (Abyss:2)
  2 spatial maelstroms (Abyss:2)
  A flayed ghost (Abyss:2)
  3 unseen horrors
  8 orc knights
  4 large abominations
  7 hill giants
  3 ironbrand convokers (Abyss:1)
  3 cyclopes
  3 griffons
  5 orc sorcerers
  15 slime creatures
  A vault sentinel (Abyss:1)
  12 elephants
  4 black mambas
  3 spiny frogs
  Psyche (D:12)
  A yaktaur (D:16)
  4 orange demons
  6 trolls
  3 smoke demons
  2 raiju
  A naga mage (Abyss:1)
  An elf (shapeshifter) (D:14)
  An orb spider (Lair:5)
  A feature mimic (D:10)
  A hellwing (Abyss:2)
  3 fire drakes
  A harpy zombie (D:16)
  3 blink frogs
  2 queen bees (Lair:2)
  4 komodo dragons
  3 ancient zymes
  2 giant leeches (Lair:5)
  Sonja (D:11)
  A troll (shapeshifter) (D:14)
  8 two-headed ogres
  A raven (shapeshifter) (D:14)
  2 blue devils
  A griffon zombie (D:13)
  A hydra skeleton (D:13)
  A formicid (shapeshifter) (D:14)
  A boulder beetle (Lair:7)
  2 basilisks
  2 grizzly bears
  4 sharks
  2 wraiths
  The ghost of Kae the Ruinous, an average TeFE (D:5)
  4 redbacks (Abyss:2)
  2 griffon skeletons
  7 ugly things
  2 shadows
  2 wyverns
  4 ynoxinuls (Abyss:2)
  4 elephant slugs
  59 yaks
  3 hungry ghosts
  7 hippogriffs
  4 fire elementals (D:15)
  A neqoxec (Abyss:1)
  2 chaos spawn
  6 vampire mosquitoes
  6 wolves
  Edmund (D:7)
  A swamp worm (Lair:5)
  3 manticores
  3 spatial vortices (Abyss:2)
  A freezing wraith (Abyss:2)
  4 hell hounds (D:15)
  A necrophage (D:7)
  7 small abominations
  3 yellow wasps
  11 porcupines
  34 orc warriors
  2 ice beasts
  7 sky beasts
  A giant goldfish (Lair:8)
  A human (D:13)
  2 black bears
  8 starcursed masses
  5 phantoms
  10 crocodiles
  18 centaurs
  20 ogres
  3 wargs
  2 brain worms
  20 giant frogs
  7 water moccasins
  2 big kobolds
  A rotting devil (Abyss:2)
  6 giant slugs
  A giant slug zombie (D:15)
  A manticore zombie (D:14)
  13 agate snails
  2 cyclops skeletons
  A komodo dragon skeleton (D:16)
  60 killer bees
  An eye of draining (D:10)
  5 jellyfish
  8 crimson imps
  3 goliath beetles
  26 orc priests
  8 hounds
  4 iguanas
  A quasit (D:8)
  7 jellies
  3 big fish
  2 centaur skeletons
  36 orc wizards
  2 scorpions
  A basilisk skeleton (D:13)
  10 worker ants
  A big kobold zombie (D:8)
  2 hound skeletons
  A mummy (D:9)
  10 gnolls
  65 green rats
  15 adders
  8 giant centipedes
  4 giant mites
  A worm (D:8)
  7 ufetubi (Abyss:2)
  An adder skeleton (D:5)
  3 giant eyeballs
  8 giant geckos
  An ooze (D:7)
  175 orcs
  2 ball pythons
  21 bats
  A bat skeleton (D:5)
  4 giant cockroaches
  13 goblins
  25 hobgoblins
  19 jackals
  10 quokkas
  7 giant newts
  A giant spore (D:10)
  A hobgoblin skeleton (D:8)
  15 kobolds
  An orc skeleton (D:5)
  A quokka skeleton (D:4)
  26 rats
  A rat zombie (D:6)
  5 ballistomycetes (D:10)
  A butterfly (Lair:7)
  2 fungi
1149 creatures vanquished.

Vanquished Creatures (collateral kills)
  A dancing weapon (Abyss:1)
  6 death yaks
  A centaur warrior (Abyss:1)
  2 large abominations (Abyss:2)
  2 slime creatures (D:13)
  2 elephants (Lair:8)
  2 yaktaurs (D:14)
  An ugly thing (D:13)
  An elephant slug (Lair:7)
  2 neqoxecs
  A yak (Lair:8)
  A hippogriff (Lair:3)
  A crocodile (Lair:7)
  An agate snail (Lair:8)
  5 starcursed masses
  A sheep (Lair:8)
  3 green rats (Lair:4)
  An orc (Orc:1)
34 creatures vanquished.

Vanquished Creatures (others)
  2 ogres
  An orc priest (Orc:4)
  An orc wizard (Orc:4)
  A giant spore (D:9)
  A rat (Lair:4)
  A fungus (Lair:2)
  4 starspawn tentacles (Abyss:1)
  23 starspawn tentacle segments (Abyss:1)
34 creatures vanquished.

Grand Total: 1217 creatures vanquished
